[Event "*** Titled Tuesday Blitz"]
[Site "Chess.com"]
[Date "2021.02.16"]
[Round "1"]
[White "smshk35"]
[Black "Alexsur1981"]
[Result "0-1"]
[WhiteElo "2434"]
[BlackElo "2853"]
[TimeControl "180+1"]
[EndTime "10:06:17 PST"]
[Termination "Alexsur1981 won by resignation"]

1. e4 c5 2. b3 b6 3. Bb2 Bb7 4. Nc3 e6 5. Nf3 Nf6 6. e5 Nd5 7. Ne4 Nc6 8. c4 Nf4 9. Nd6+ Bxd6 10. exd6 O-O 11. d4 cxd4 12. Nxd4 Nxd4 13. Qxd4 e5 14. Qd2 Bxg2 15. Bxg2 Nxg2+ 16. Kf1 Nf4 17. Bxe5 Ng6 18. Bc3 Re8 19. h4 Nxh4 20. Qd4 Nf5 21. Qg4 g6 22. Kg2 h6 23. Rag1 Re6 24. Kf1 Kf8 25.
Qf4 h5 26. Rxh5 gxh5 27. Qxf5 Qh4 28. Qh7 Rxd6 29. Qh6+ Rxh6 0-1

[Event "*** Titled Tuesday Blitz"]
[Site "Chess.com"]
[Date "2021.02.16"]
[Round "1"]
[White "BahadirOzen"]
[Black "Eloist"]
[Result "1/2-1/2"]
[WhiteElo "2759"]
[BlackElo "2412"]
[TimeControl "180+1"]
[EndTime "10:06:19 PST"]
[Termination "Game drawn by agreement"]

1. g3 e5 2. Bg2 d5 3. d3 Nf6 4.
Nf3 Bd6 5. O-O O-O 6. Nbd2 Re8 7.
e4 c6 8. b3 a5 9. a3 Nbd7 10.
Bb2 d4 11. c3 c5 12. Nc4 Bc7 13. cxd4 cxd4 14. b4 a4 15. Rc1 b5 16. Ncd2 Nf8 17. Qc2 Bd6 18. Nh4 Be6 19. Nf5 Rc8 20. Qb1 Qd7 21. Nxd6 Qxd6 22. h3 N6d7 23. Rxc8 Rxc8 24. f4 f6 25. f5 Bf7 26. g4 g5 27. Rc1 Rc6 28.
h4 h6 29. Kf2 Qc7 30. Rxc6 Qxc6 1/2-1/2

[Event "*** Titled Tuesday Blitz"]
[Site "Chess.com"]
[Date "2021.02.16"]
[Round "1"]
[White "northridgehawk"]
[Black "GregShahade"]
[Result "0-1"]
[WhiteElo "2345"]
[BlackElo "2654"]
[TimeControl "180+1"]
[EndTime "10:06:20 PST"]
[Termination "GregShahade won by resignation"]

1. e4 e5 2. Nf3 Nc6 3. Bb5 a6 4.
Ba4 Nf6 5. d3 b5 6. Bb3 Bc5 7.
Nc3 h6 8. O-O d6 9. Nd5 O-O 10. c3 Rb8 11. h3 Nxd5 12. Bxd5 Ne7 13. Bb3 Bb6 14. d4 Ng6 15. Be3 Qe7 16. Re1 Be6 17. Bc2 Qf6 18. Qd2 Bxh3 19. dxe5 dxe5 20. Bxh6 gxh6 21. Qxh6 Bg4 22. Ng5 Qxf2+ 23. Kh2 Qh4+ 24. Qxh4 Nxh4 25. Kg3 Bc8 26. Rh1 Ng6 27. Rh6 Be3 28. Rh5 Bf4+ 29. Kf3 Bxg5 30. Rxg5 Kg7 31. Rf1 Be6 32. Kg3 Rbd8 33. Rf2 Rd6 34. a4 Rfd8 35.
axb5 axb5 0-1

[Event "*** Titled Tuesday Blitz"]
[Site "Chess.com"]
[Date "2021.02.16"]
[Round "1"]
[White "Margency"]
[Black "PavelChernomordik"]
[Result "1-0"]
[WhiteElo "2688"]
[BlackElo "2369"]
[TimeControl "180+1"]
[EndTime "10:06:22 PST"]
[Termination "Margency won by resignation"]

1. e4 g6 2. d4 Bg7 3. Nc3 d6 4. Be3 a6 5. f4 b5 6. Bd3 b4 7. Nce2 Bb7 8. Nf3 Nd7 9. Qd2 c5 10. dxc5 dxc5 11. O-O-O Ngf6 12. Ng3 Qa5 13. Kb1 O-O 14.
e5 Nd5 15. Bc4 N7b6 16. Bxd5 Nxd5 17. Ne4 c4 18. Nc5 Nc3+ 19. bxc3 bxc3 20. Qd4 Bxf3 21. gxf3 Rab8+ 22. Ka1 Qa3 23. Bc1 Qb4 24. Nb3 cxb3 25. Qxb4 bxc2 26. Rd4 a5 27. Qb3 a4 28. Qxc2 Rfc8 29.
Rhd1 e6 30. Ba3 1-0

[Event "*** Titled Tuesday Blitz"]
[Site "Chess.com"]
[Date "2021.02.16"]
[Round "1"]
[White "SirStrateg"]
[Black "JuliaEfremova"]
[Result "1-0"]
[WhiteElo "2538"]
[BlackElo "2206"]
[TimeControl "180+1"]
[EndTime "10:06:22 PST"]
[Termination "SirStrateg won by resignation"]

1. d4 Nf6 2. Nf3 g6 3. Bf4 Bg7 4.
e3 b6 5. a4 a5 6. Nbd2 Bb7 7.
c3 O-O 8. Bd3 d5 9. O-O c5 10.
Ne5 Nc6 11. Bb5 Nxe5 12. Bxe5 Nd7 13. Bg3 Ba6 14. Bxa6 Rxa6 15. Qb3 Qa8 16. Qb5 Rd8 17. Bc7 Ra7 18. Bxd8 Qxd8 19. Rfd1 c4 20. Qxd5 Rc7 21. Nxc4 Qc8 22. Nd2 e5 23. Nf3 exd4 24. exd4 Nf6 25. Qb5 Qb7 26. Re1 h6 27. h3 Rd7 28. Re2 Rd5 29.
Qc4 Kh7 30. Rae1 Rd7 31. Ne5 Rc7 32. Qb3 Nd5 33. Nd3 Bf6 34. Re8 Kg7 35. R8e2 Kh7 36. Qb5 Bg7 37. Qe8 Rc8 38. Qe4 Rc7 39. Nf4 Nxf4 40.
Qxf4 Rd7 41. Qf3 Qc8 42. Re7 Rxe7 43. Rxe7 Qc4 44. Qxf7 1-0

[Event "*** Titled Tuesday Blitz"]
[Site "Chess.com"]
[Date "2021.02.16"]
[Round "1"]
[White "BigAl"]
[Black "jefferyx"]
[Result "0-1"]
[WhiteElo "2466"]
[BlackElo "2979"]
[TimeControl "180+1"]
[EndTime "10:06:23 PST"]
[Termination "jefferyx won by resignation"]

1. e4 c5 2. Nc3 Nc6 3. g3 g6 4. Bg2 Bg7 5. d3 d6 6. Be3 Nf6 7. h3 Rb8 8. Qd2 b5 9. Bh6 Bxh6 10. Qxh6 Qa5 11. Nf3 b4 12. Nd5 b3+ 13. c3 bxa2 14. Nxf6+ exf6 15. Qg7 Rf8 16. Qxf6 Rxb2 17. O-O Qd8 18.
Qg7 Be6 19. c4 Qb8 20. e5 Nxe5 21. Nxe5 dxe5 22. Bc6+ Ke7 23. Qh6 Rb1 24. Qh4+ f6 25. Bb5 a6 26. Rfxb1 axb1=Q+ 27. Rxb1 axb5 28. Rxb5 Qd6 29. Qxh7+ Bf7 30. Rb7+ Ke8 31. Qh4 Qc6 32. Rb8+ Ke7 33.
Rb5 Rd8 34. Rb3 Qf3 35. Qh6 Qd1+ 36. Kh2 Qxb3 37. Qe3 Rd4 0-1

[Event "*** Titled Tuesday Blitz"]
[Site "Chess.com"]
[Date "2021.02.16"]
[Round "1"]
[White "AniJak"]
[Black "sara_khm"]
[Result "0-1"]
[WhiteElo "2334"]
[BlackElo "2634"]
[TimeControl "180+1"]
[EndTime "10:06:24 PST"]
[Termination "sara_khm won by resignation"]

1. e4 e5 2. Nc3 Nf6 3. g3 d5 4. exd5 Nxd5 5. Bg2 Nxc3 6. bxc3 Be7 7. d3 O-O 8. Nf3 Nd7 9. O-O c6 10. Re1 Bd6 11. c4 f6 12. Nh4 Nc5 13. Be3 Be6 14. Qh5 Qd7 15. Qe2 Rad8 16. Kh1 Rfe8 17. Rab1 b5 18. cxb5 cxb5 19. a3 Na4 20. Qd2 Bxa3 21. Qa5 b4 22. Bxa7 Ra8 23. Bxa8 Rxa8 24. c4 Rxa7 25.
Qb5 Qxb5 26. cxb5 Nc3 27. Ra1 Nxb5 28. d4 Nxd4 29. f4 Nc2 30. fxe5 Nxe1 0-1

[Event "*** Titled Tuesday Blitz"]
[Site "Chess.com"]
[Date "2021.02.16"]
[Round "1"]
[White "BursaBBSatranc"]
[Black "zmeeed67"]
[Result "1-0"]
[WhiteElo "2604"]
[BlackElo "2305"]
[TimeControl "180+1"]
[EndTime "10:06:25 PST"]
[Termination "BursaBBSatranc won by checkmate"]

1. d4 Nc6 2. Nf3 d6 3. Bf4 Bg4 4. Nbd2 e6 5. h3 Bh5 6. c3 Nf6 7. Qb3 Qc8 8. e3 Be7 9. Be2 h6 10. a4 a6 11. Bd3 O-O 12. g4 Bg6 13. Bxg6 fxg6 14. O-O Nd5 15. Bh2 Kh7 16. Kg2 Rb8 17. c4 Nf6 18. Qd3 Nb4 19. Qb1 a5 20. e4 Nd7 21. e5 d5 22. h4 Qe8 23. h5 c5 24. Bg3 Kg8 25. hxg6 b6 26. g5 hxg5 27. Rh1 Rf5 28. Rh8+ Kxh8 29. Qh1+ Kg8 30. Qh7+ Kf8 31.
Qh8# 1-0

[Event "*** Titled Tuesday Blitz"]
[Site "Chess.com"]
[Date "2021.02.16"]
[Round "1"]
[White "VALPARAISO37"]
[Black "esteban062000"]
[Result "1-0"]
[WhiteElo "2510"]
[BlackElo "2149"]
[TimeControl "180+1"]
[EndTime "10:06:25 PST"]
[Termination "VALPARAISO37 won by resignation"]

1. d4 Nf6 2. c4 e6 3. Nc3 Bb4 4. a3 Bxc3+ 5. bxc3 Nc6 6. e3 d6 7. Bd3 e5 8. Ne2 e4 9. Bc2 Bg4 10. h3 Bh5 11. Rb1 Rb8 12. g4 Bg6 13. Nf4 Qd7 14. Ba4 d5 15. g5 dxc4 16. gxf6 gxf6 17. d5 b5 18. dxc6 Qf5 19. Qd5 O-O 20. Rxb5 Rxb5 21. Bxb5 Qc8 22. Rg1 Kg7 23. Nh5+ Kh8 24. Nf4 Rd8 25.
Qc5 Re8 26. Bxc4 Re5 27. Qxa7 Qd8 28. Rxg6 hxg6 29. Qd4 Qa8 30. Qd7 Qf8 31. Qxf7 Qxf7 32. Bxf7 Kg7 33. Bxg6 Rc5 34. Bxe4 Rxc3 35. Kd2 Rb3 36.
Kc2 Rb5 37. a4 Ra5 38. Kb3 f5 39. Bd5 Ra8 40. Bb2+ Kf8 41. Bf6 Rb8+ 42. Kc3 Re8 43. Be6 Ra8 44. Kb3 Rb8+ 45. Ka3 Ra8 46. h4 Ra6 47. Bd5 Ra5 48. Bb3 Rc5 49. Ne6+ Ke8 50. Nxc5 1-0

[Event "*** Titled Tuesday Blitz"]
[Site "Chess.com"]
[Date "2021.02.16"]
[Round "1"]
[White "Angel_Hranitel_37"]
[Black "abeljusto"]
[Result "1-0"]
[WhiteElo "2486"]
[BlackElo "2049"]
[TimeControl "180+1"]
[EndTime "10:06:25 PST"]
[Termination "Angel_Hranitel_37 won on time"]

1. d4 Nf6 2. Bf4 d5 3. e3 g6 4. h3 Bg7 5. Bd3 c5 6. c3 Qb6 7.
Qc1 Nc6 8. Nf3 O-O 9. O-O Bd7 10. Nbd2 Rac8 11. Rd1 Rfe8 12. Ne5 cxd4 13. exd4 Nxd4 14. Be3 Nh5 15. Bxd4 Qc7 16. Ndf3 Be6 17. Qe3 b6 18. Ng5 Qd6 19. Nxe6 Qxe6 20. Bb5 Red8 21. Ng4 Qxe3 22.
Nxe3 f6 23. c4 1-0

[Event "*** Titled Tuesday Blitz"]
[Site "Chess.com"]
[Date "2021.02.16"]
[Round "1"]
[White "Redzishchess"]
[Black "Mr_Sinigami"]
[Result "0-1"]
[WhiteElo "2346"]
[BlackElo "2657"]
[TimeControl "180+1"]
[EndTime "10:06:26 PST"]
[Termination "Mr_Sinigami won by resignation"]

1. d4 Nf6 2. Nf3 g6 3. c4 Bg7 4. g3 O-O 5. Bg2 d6 6. O-O Nbd7 7. Nc3 e5 8. e3 Re8 9. b3 Qe7 10. Qc2 Nf8 11. Re1 e4 12. Ng5 Bf5 13. h4 h6 14. Nh3 N8h7 15. Nf4 c6 16. Ba3 g5 17. hxg5 hxg5 18. Nfe2 g4 19. Nf4 Ng5 20. Red1 Nf3+ 21. Kf1 Bh6 22. Ke2 Kg7 23. Rh1 Rh8 24. Nh5+ Nxh5 25.
Rxh5 Bg6 26. Rhh1 Rae8 27. d5 c5 28. Bb2 f6 29. Raf1 Nd4+ 30. exd4 cxd4 31. Nxe4 Bxe4 32. Qxe4 Qf7 33. Kd3 Rxe4 34. Bxe4 Bg5 35. Bxd4 Rh6 36. Rxh6 Bxh6 37. Rh1 Qc7 38. Rh5 Qa5 39. Rf5 Qxa2 40. Bxf6+ Kg8 41. Rh5 Qb1+ 42. Ke2 Qxe4+ 43. Kf1 Bf8 44.
Rh8+ Kf7 45. Bb2 Qb1+ 0-1

[Event "*** Titled Tuesday Blitz"]
[Site "Chess.com"]
[Date "2021.02.16"]
[Round "1"]
[White "Gerodot71"]
[Black "Evachess2006"]
[Result "1-0"]
[WhiteElo "2473"]
[BlackElo "1610"]
[TimeControl "180+1"]
[EndTime "10:06:26 PST"]
[Termination "Gerodot71 won by checkmate"]

1. d4 d5 2. c4 dxc4 3. e4 Nf6 4. e5 Nd5 5. Bxc4 Bf5 6. Nf3 e6 7. O-O Nc6 8. Nc3 Be7 9. Qe2 O-O 10. Rd1 a6 11. Ne4 b5 12. Bd3 Ndb4 13. Bb1 Qd7 14. a3 Nd5 15. Bg5 Bxg5 16. Nfxg5 Nf4 17. Qe3 Ng6 18. Nc5 Qd5 19. Ba2 Qd8 20. Rac1 Nce7 21.
Nf3 Nd5 22. Qd2 c6 23. Nb7 Qc7 24. Na5 Rab8 25. Nxc6 Rb6 26. Nb4 Qb7 27. Nxd5 exd5 28. h4 Rd8 29. h5 Ne7 30. Qg5 Rc6 31. Rxc6 Qxc6 32. Qxe7 Qc2 33. Qxd8# 1-0

[Event "*** Titled Tuesday Blitz"]
[Site "Chess.com"]
[Date "2021.02.16"]
[Round "1"]
[White "PaulfromSPb"]
[Black "chesslh19"]
[Result "1-0"]
[WhiteElo "2571"]
[BlackElo "2257"]
[TimeControl "180+1"]
[EndTime "10:06:27 PST"]
[Termination "PaulfromSPb won by resignation"]

1. e4 e5 2. Nf3 Nf6 3. Nxe5 d6 4. Nf3 Nxe4 5. d4 d5 6. Bd3 Be7 7. O-O Nc6 8. c4 Nb4 9. Be2 O-O 10. Nc3 Bf5 11. a3 Nxc3 12. bxc3 Nc6 13. Bf4 dxc4 14.
Bxc4 Bd6 15. Bg3 Bxg3 16. hxg3 Qd6 17. Qd2 Rfe8 18. Rfe1 Bg6 19. Qb2 b6 20. Bb5 Rad8 21. Ne5 Nxe5 22. Bxe8 Nd3 23. Qb5 Nxe1 24. Rxe1 h6 25.
Bc6 Kh7 26. Bf3 Qxa3 27. Re3 Qd6 28. Qa6 c5 29. dxc5 Qxc5 30. Qxa7 Rd6 31. Qa8 Re6 32.
Rxe6 fxe6 33. Qa1 Bf5 34. Qe1 Qd6 35. Qe3 Qc5 36. Qd2 Qc7 37. g4 Bg6 38. Qd4 Qc5 39.
Qd2 Qc7 40. g3 Bf7 41. Be4+ Bg6 42. Bxg6+ Kxg6 43. Qd3+ Kf7 44. Qe3 Qc5 45. Qf4+ Kg8 46. c4 Qe7 47. Qb8+ Kh7 48. Qxb6 Qf7 49. Qe3 Qe7 50.
c5 Qd7 51. Qe4+ Kg8 52. c6 Qd6 53. Qc4 Kf7 54. c7 Qd1+ 55. Kg2 1-0

[Event "*** Titled Tuesday Blitz"]
[Site "Chess.com"]
[Date "2021.02.16"]
[Round "1"]
[White "SergeyShtyka"]
[Black "Hikaru"]
[Result "0-1"]
[WhiteElo "2471"]
[BlackElo "3209"]
[TimeControl "180+1"]
[EndTime "10:06:28 PST"]
[Termination "Hikaru won on time"]

1. e4 c6 2. Nf3 d5 3. Nc3 Bg4 4.
h3 Bxf3 5. Qxf3 e6 6. d3 g6 7. g3 Bg7 8. Bg2 Ne7 9. O-O O-O 10.
Qe2 c5 11. Kh2 Nbc6 12. f4 Rc8 13. Nd1 c4 14. dxc4 dxc4 15. Ne3 c3 16. bxc3 Qa5 17.
Bd2 Rfd8 18. e5 Qa4 19. Rfd1 Na5 20. Be1 h5 21. Rxd8+ Rxd8 22. c4 b6 23. Bxa5 Qxa5 24. Rd1 Rxd1 25. Qxd1 Qxa2 26. Qd8+ Bf8 27. g4 Qa3 28.
Qd2 hxg4 29. hxg4 g5 30. f5 Qc5 31. Qc3 a5 32. fxe6 fxe6 33. Nf1 Bg7 34. Kh1 Bxe5 35. Qd3 Qd4 36. Qf3 Bd6 37. Qe2 Qh8+ 38. Kg1 Bc5+ 39. Ne3 Qe5 40. Kf2 a4 0-1

[Event "*** Titled Tuesday Blitz"]
[Site "Chess.com"]
[Date "2021.02.16"]
[Round "1"]
[White "dozer80"]
[Black "GMJustin"]
[Result "1-0"]
[WhiteElo "2615"]
[BlackElo "2316"]
[TimeControl "180+1"]
[EndTime "10:06:28 PST"]
[Termination "dozer80 won on time"]

1. e4 e5 2. Nc3 Nf6 3. g3 d5 4. exd5 Nxd5 5. Bg2 Nxc3 6. bxc3 Nc6 7. Nf3 Bc5 8. O-O O-O 9. d3 Bg4 10. Rb1 Qd7 11.
Re1 Rad8 12. Qe2 Rfe8 13. Qe4 Bb6 14. Bg5 f6 15. Be3 Be6 16. c4 Bf5 17. Qh4 e4 18.
Nd2 Bxe3 19. Rxe3 exd3 20. Bd5+ Kh8 21. cxd3 Rxe3 22. fxe3 Bxd3 23. Rxb7 Ne5 24. Qd4 Qf5 25. Rxc7 Be2 26. Be4 1-0

[Event "*** Titled Tuesday Blitz"]
[Site "Chess.com"]
[Date "2021.02.16"]
[Round "1"]
[White "IMRosen"]
[Black "Soledadense88"]
[Result "1-0"]
[WhiteElo "2602"]
[BlackElo "2299"]
[TimeControl "180+1"]
[EndTime "10:06:28 PST"]
[Termination "IMRosen won on time"]

1. d4 d5 2. Bf4 c5 3. e3 Nc6 4. Nf3 cxd4 5. exd4 Bg4 6. Nbd2 e6 7.
h3 Bxf3 8. Nxf3 Bd6 9. Bxd6 Qxd6 10. c3 Nf6 11. Bd3 O-O 12. O-O Rab8 13. a4 a6 14. Qe2 Nd7 15. Rfe1 Na5 16. b4 Nc6 17. a5 Rfc8 18.
Rac1 Rc7 19. Bb1 Rbc8 20. Qd3 Nf8 21. Qe3 f6 22. Red1 Na7 23. Ne1 Nb5 24. Rd3 Rc6 25. Qd2 Na3 26. Rg3 Qc7 27. Nd3 Nxb1 28. Rxb1 Rxc3 29. Nc5 Rc4 30. Re1 Qc6 31. h4 b6 32.
axb6 Qxb6 33. Rb3 a5 34. bxa5 Qd6 35. Rb7 Rc7 36. a6 1-0

[Event "*** Titled Tuesday Blitz"]
[Site "Chess.com"]
[Date "2021.02.16"]
[Round "1"]
[White "Guzman70"]
[Black "goldihouse"]
[Result "1-0"]
[WhiteElo "2237"]
[BlackElo "2527"]
[TimeControl "180+1"]
[EndTime "10:06:28 PST"]
[Termination "Guzman70 won by checkmate"]

1. e4 e6 2. d4 d5 3. exd5 exd5 4. Nf3 Bg4 5. c4 Bb4+ 6. Nc3 Nf6 7. cxd5 O-O 8. Bd2 Nxd5 9. Be2 Nc6 10. O-O Re8 11. a3 Bf8 12. h3 Bh5 13. Nxd5 Qxd5 14. Be3 Rad8 15. Rc1 a6 16. b4 Bg6 17. Bc4 Qd6 18.
d5 Ne5 19. Bc5 Nxf3+ 20. Qxf3 Qe5 21. Bxf8 Kxf8 22. Rfd1 Qd6 23. Bd3 Re7 24. Bxg6 hxg6 25. g3 Re5 26. Kg2 Rde8 27. Qc3 R8e7 28. Qc5 Re2 29. Qxd6 cxd6 30. Rc8+ Re8 31. Rc7 Rb8 32. Rdc1 Ree8 33. Rd7 Red8 34. Rcc7 Rxd7 35. Rxd7 Rc8 36.
Rxd6 Ke7 37. Rb6 Rb8 38. a4 Kd7 39. a5 Kc7 40. d6+ Kd7 41. Kf3 Ke6 42. Kf4 f6 43. h4 Rd8 44. Rxb7 Rxd6 45. Rxg7 Rd4+ 46. Kf3 Rxb4 47. Rxg6 Kf5 48. Rg7 Rb3+ 49. Kg2 Ra3 50. h5 Rxa5 51. h6 Ke6 52. h7 Rh5 53. g4 Rh6 54. f4 a5 55. Ra7 a4 56. g5 fxg5 57. Ra6+ Kf5 58. Rxh6 a3 59. h8=Q a2 60. Rf6+ Kg4 61.
Qh3# 1-0

[Event "*** Titled Tuesday Blitz"]
[Site "Chess.com"]
[Date "2021.02.16"]
[Round "1"]
[White "mattcolins2025"]
[Black "mary-sanna"]
[Result "1-0"]
[WhiteElo "2485"]
[BlackElo "2030"]
[TimeControl "180+1"]
[EndTime "10:06:28 PST"]
[Termination "mattcolins2025 won by checkmate"]

1. d4 d5 2. c4 e6 3. Nc3 c5 4. Nf3 Nc6 5. cxd5 exd5 6. Bf4 cxd4 7. Nxd4 Bc5 8. Nb3 Bb6 9. Qxd5 Nf6 10. Qxd8+ Bxd8 11. e3 Nb4 12. Bb5+ Bd7 13. Bxd7+ Nxd7 14. O-O O-O 15. Bd6 Nc6 16. Bxf8 Nxf8 17. Rfd1 Bf6 18. Rac1 a5 19. Nc5 Rb8 20. Nd7 Nxd7 21. Rxd7 Ne5 22. Rc7 Nd3 23. Rd1 Nxb2 24. Rb1 Nd3 25. Rcxb7 Rxb7 26. Rxb7 g6 27. Nd5 Be5 28. f4 Ba1 29. e4 Nc5 30. e5 Nxb7 31. Kf2 Bd4+ 32. Kf3 Nc5 33. Ne7+ Kf8 34. Nc6 Bc3 35. g4 Ke8 36. Na7 Ne6 37. Ke4 Kd7 38. Nb5 Bb2 39. Nd6 Nd8 40. Kd5 Bc1 41.
f5 gxf5 42. gxf5 Bf4 43. h4 h5 44. Ne4 Bg3 45. Nxg3 Nb7 46. Nxh5 a4 47. Nf6+ Ke7 48. h5 Na5 49. h6 a3 50. h7 Nb7 51. h8=Q Nc5 52.
Qe8# 1-0

[Event "*** Titled Tuesday Blitz"]
[Site "Chess.com"]
[Date "2021.02.16"]
[Round "1"]
[White "Problematique_99"]
[Black "ram1zan"]
[Result "0-1"]
[WhiteElo "2439"]
[BlackElo "2877"]
[TimeControl "180+1"]
[EndTime "10:06:30 PST"]
[Termination "ram1zan won by checkmate"]

1. e4 Nf6 2. Nc3 d5 3. exd5 Nxd5 4. Qf3 Nb6 5. a4 a5 6. Nh3 Nc6 7. Bb5 Bd7 8. O-O e5 9. Re1 Ne7 10. Rxe5 f6 11. Re1 c6 12. Bd3 Qc7 13. b3 O-O-O 14. Ba3 Ned5 15. Bxf8 Rhxf8 16. Nxd5 Nxd5 17. Be4 g5 18. Qg3 Nb6 19. Qxc7+ Kxc7 20. Bxh7 Bxh3 21.
gxh3 Rxd2 22. Re7+ Kb8 23. Rae1 Nd5 24. Rd7 Rh8 25.
Bf5 Rh4 26. c4 Rf4 27. Be4 f5 28. Bg2 Rfxf2 29. Bh1 Nf4 30. Rxd2 Nxh3# 0-1

[Event "*** Titled Tuesday Blitz"]
[Site "Chess.com"]
[Date "2021.02.16"]
[Round "1"]
[White "thisunaa"]
[Black "Gulkov_Igor"]
[Result "1/2-1/2"]
[WhiteElo "1982"]
[BlackElo "2471"]
[TimeControl "180+1"]
[EndTime "10:06:30 PST"]
[Termination "Game drawn by repetition"]

1. e4 c5 2. Nf3 d6 3. d4 cxd4 4. Nxd4 Nf6 5. Nc3 a6 6. Bg5 e6 7.
f4 Be7 8. Qf3 Qc7 9. O-O-O Nbd7 10. g4 b5 11. Bxf6 Nxf6 12. g5 Nd7 13. f5 Bxg5+ 14.
Kb1 Ne5 15. Qh5 Qe7 16. Nxe6 Bxe6 17. fxe6 g6 18. Qh3 fxe6 19. Rg1 O-O 20. Be2 Kg7 21. Bg4 Nxg4 22. Qxg4 Bf6 23. Ne2 Be5 24. h4 Qf6 25. h5 Qf3 26. Qxe6 Qxe2 27. hxg6 Qxd1+ 28. Rxd1 hxg6 29.
Rg1 Rf6 30. Qd7+ Rf7 31. Qe6 Rf6 32. Qd7+ Rf7 33. Qe6 Rf6 1/2-1/2

[Event "*** Titled Tuesday Blitz"]
[Site "Chess.com"]
[Date "2021.02.16"]
[Round "1"]
[White "lucachess49"]
[Black "olksuna"]
[Result "0-1"]
[WhiteElo "2366"]
[BlackElo "2683"]
[TimeControl "180+1"]
[EndTime "10:06:31 PST"]
[Termination "olksuna won by resignation"]

1. d4 Nf6 2. c4 e6 3. Nc3 Bb4 4. e3 O-O 5. Ne2 d5 6. a3 Be7 7. cxd5 exd5 8. Nf4 c6 9. Bd3 a5 10. O-O Na6 11. f3 Re8 12. Re1 Nc7 13. Bc2 Ne6 14. Nxe6 Bxe6 15. Qd3 c5 16. dxc5 Bxc5 17. Na4 Ba7 18.
Bd2 d4 19. e4 b5 20. b3 bxa4 21. e5 g6 22. exf6 Bf5 23. Qb5 d3+ 24. Kh1 dxc2 25.
Bg5 Rxe1+ 26. Rxe1 Qd1 27. Qe5 Rd8 28. g4 Qxe1+ 29. Qxe1 Rd1 0-1

[Event "*** Titled Tuesday Blitz"]
[Site "Chess.com"]
[Date "2021.02.16"]
[Round "1"]
[White "Lady_Nika"]
[Black "Fusikk"]
[Result "0-1"]
[WhiteElo "2375"]
[BlackElo "2704"]
[TimeControl "180+1"]
[EndTime "10:06:32 PST"]
[Termination "Fusikk won by resignation"]

1. d4 Nf6 2. e3 b6 3. f4 Bb7 4. Nf3 g6 5. c3 Bg7 6. Bd3 O-O 7. O-O d5 8. Nbd2 c5 9. Ne5 e6 10. Qe2 Qc8 11. Rf3 Ba6 12. Rh3 Bxd3 13. Nxd3 Na6 14.
Nf1 Nc7 15. Bd2 Nce8 16. g4 Nd6 17. Ng3 Nfe4 18. Nf2 Nxf2 19. Qxf2 f5 20. g5 b5 21. Re1 a5 22. a3 Ra7 23. Qg2 Rff7 24. Nf1 Ne4 25.
Rf3 Bf8 26. h4 Rg7 27. h5 Kf7 28. Ng3 Bd6 29. Nxe4 dxe4 30. Rh3 Qc6 31. Kf2 Qd5 32. Reh1 Qb3 33. Bc1 b4 34. hxg6+ hxg6 35. Rh7 Bf8 36. Qf1 Qc2+ 37. Kg3 Qd3 38. Qxd3 exd3 39. Rxg7+ Bxg7 40. dxc5 bxc3 41. bxc3 e5 42. fxe5 Bxe5+ 43. Kf3 Rd7 44. Bd2 Rc7 45. e4 Rxc5 46. exf5 gxf5 47. Ke3 Bxc3 48. Kxd3 Bxd2 49. Kxd2 Kg6 50. Rg1 f4 51. Kd3 Rxg5 52. Rb1 Re5 53. Rh1 Re3+ 54. Kd4 Rxa3 55. Rh4 Kg5 56. Rh1 Kg4 57. Rg1+ Kh3 58. Ke4 f3 0-1

[Event "*** Titled Tuesday Blitz"]
[Site "Chess.com"]
[Date "2021.02.16"]
[Round "1"]
[White "vpantev"]
[Black "lamomiablanca"]
[Result "0-1"]
[WhiteElo "2562"]
[BlackElo "2281"]
[TimeControl "180+1"]
[EndTime "10:06:33 PST"]
[Termination "lamomiablanca won by resignation"]

1. d4 Nf6 2. Nf3 g6 3. Bf4 Bg7 4. e3 O-O 5. Be2 d6 6. c4 b6 7.
Nc3 Bb7 8. Qc2 c5 9. d5 e6 10.
Rd1 exd5 11. cxd5 a6 12. a4 Qe7 13. O-O Nbd7 14. h3 Rfe8 15. Rfe1 Nh5 16. Bh2 Ne5 17.
Nxe5 Bxe5 18. Bxh5 Bxh2+ 19. Kxh2 Qe5+ 20. Kg1 Qxh5 21. Qb3 Rab8 22. Qxb6 Bxd5 23. Qxa6 Ba8 24. Qxd6 Rxb2 25.
Rd2 Qg5 26. f4 Qg3 27. Ree2 Rb3 28. Rc2 Rxe3 29. Qd8+ Kg7 30. Qxa8 Rexc3 31. Qe4 Rb1+ 0-1

[Event "*** Titled Tuesday Blitz"]
[Site "Chess.com"]
[Date "2021.02.16"]
[Round "1"]
[White "Make_it_shine060"]
[Black "Shuvalov"]
[Result "1/2-1/2"]
[WhiteElo "2175"]
[BlackElo "2508"]
[TimeControl "180+1"]
[EndTime "10:06:33 PST"]
[Termination "Game drawn by repetition"]

1. d4 Nf6 2. c4 g6 3. Nc3 d5 4.
Bg5 Ne4 5. Bh4 Nxc3 6. bxc3 Bg7 7. Nf3 dxc4 8. e3 b5 9. a4 c6 10. Qb1 a6 11. axb5 cxb5 12. Qe4 Ra7 13. Be2 Bf5 14.
Qf4 h6 15. e4 Bc8 16. Qxb8 Rb7 17. Qa8 Rb6 18. Bg3 O-O 19. O-O Qd7 20. Ne5 Bxe5 21. Bxe5 Bb7 22. Qa7 Re6 23. Qc5 Bxe4 24. Rfd1 f6 25.
Bg3 Bxg2 26. Kxg2 Rxe2 27. Re1 Rxe1 28. Rxe1 Rf7 29. d5 Qf5 30. Rxe7 Rxe7 31. Qxe7 Qxd5+ 32. Kg1 Qd1+ 33. Kg2 Qd5+ 34. Kg1 Qd1+ 35. Kg2 Qd5+ 1/2-1/2

[Event "*** Titled Tuesday Blitz"]
[Site "Chess.com"]
[Date "2021.02.16"]
[Round "1"]
[White "AlexPapasimakopoulos"]
[Black "igorcadilhac"]
[Result "1-0"]
[WhiteElo "2617"]
[BlackElo "2318"]
[TimeControl "180+1"]
[EndTime "10:06:35 PST"]
[Termination "AlexPapasimakopoulos won by resignation"]

1. d4 d5 2. c4 e6 3. Nc3 Nf6 4. cxd5 exd5 5. Bg5 c6 6. e3 Be7 7. Bd3 Nbd7 8. Qc2 h6 9. Bh4 Nh5 10. Bxe7 Qxe7 11. O-O-O Nb6 12. Kb1 Bd7 13. Na4 Nxa4 14. Qxa4 Nf6 15. Nf3 Ne4 16. Qc2 Bf5 17. h3 O-O-O 18.
Nd2 Rhe8 19. Ka1 Bg6 20. Rhf1 f5 21. Nf3 Bh5 22. Rc1 Kb8 23. Ne5 Rc8 24. g4 fxg4 25.
hxg4 Bf7 26. Bxe4 dxe4 27. Qxe4 c5 28. Qf4 Rc7 29. Rxc5 g5 30. Qxf7 Qxf7 31. Nxf7 Rxf7 32. Rf5 Rxf5 33. gxf5 g4 34. Kb1 h5 35. Kc2 h4 36. Kd3 h3 37. Rh1 Rf8 38. Ke4 1-0

[Event "*** Titled Tuesday Blitz"]
[Site "Chess.com"]
[Date "2021.02.16"]
[Round "1"]
[White "Oleksandr_Bortnyk"]
[Black "federicosellitti"]
[Result "1-0"]
[WhiteElo "2927"]
[BlackElo "2462"]
[TimeControl "180+1"]
[EndTime "10:06:36 PST"]
[Termination "Oleksandr_Bortnyk won on time"]

1. e4 c5 2. Nf3 Nf6 3. e5 Nd5 4. Nc3 Nxc3 5. dxc3 Nc6 6. Bf4 e6 7. Bb5 Qc7 8. O-O h6 9. h3 b6 10. Qd2 Bb7 11. Rfe1 O-O-O 12. a4 d6 13. Qe2 dxe5 14.
Nxe5 Nxe5 15. Bxe5 Bd6 16. Bxd6 Rxd6 17. a5 Rhd8 18. axb6 axb6 19. Ra7 Kb8 20. Ra4 Qe7 21. Bd3 Qg5 22. Rg4 Qf6 23. Ra1 h5 24. Rga4 Qg5 25.
Be4 Rd2 26. Qf3 Bxe4 27. Qxe4 Rd1+ 28. Kh2 Qd5 29. Rxd1 Qxd1 30. Qa8+ Kc7 31. Ra7+ 1-0

[Event "*** Titled Tuesday Blitz"]
[Site "Chess.com"]
[Date "2021.02.16"]
[Round "1"]
[White "soumeow"]
[Black "louis198"]
[Result "0-1"]
[WhiteElo "2215"]
[BlackElo "2541"]
[TimeControl "180+1"]
[EndTime "10:06:38 PST"]
[Termination "louis198 won on time"]

1. Nf3 e6 2. c4 d5 3. g3 g6 4. Bg2 Bg7 5. O-O Ne7 6. d4 O-O 7. Bf4 Nbc6 8. e3 f6 9. Nc3 g5 10. Nxg5 fxg5 11. Bxg5 dxc4 12. Be4 Qe8 13. Nb5 Qd7 14.
Qh5 Ng6 15. Rad1 a6 16. Nc3 Nb4 17. d5 exd5 18. Nxd5 Nd3 19. b3 Qg4 20. Ne7+ Nxe7 21. Qxh7+ Kf7 22. Bxe7 Rh8 23. Bd5+ Kxe7 24. Qe4+ Qxe4 25.
Bxe4 Nc5 26. Bd5 c3 27. b4 Ne6 28. Rc1 c6 29. Bb3 Ng5 30. h4 Nf3+ 31. Kg2 Nd2 32. Rfd1 Bg4 33. Re1 Bf3+ 34. Kh2 Be5 35. Kh3 Raf8 0-1